[Event "Live Chess"]
[Site "Chess.com"]
[Date "2023.05.21"]
[Round "-"]
[White "alanmike75"]
[Black "jimwad"]
[Result "1-0"]
[WhiteElo "1577"]
[BlackElo "1247"]
[TimeControl "300"]
[EndTime "18:24:28 PDT"]
[Termination "alanmike75 won by resignation"]

1. e4 e5 2. Nf3 Nc6 3. d4 exd4 4. Bc4 h6 5. Nxd4 Nxd4 6. Qxd4 Qf6 7. e5 Qg6 8. O-O Ne7 9. Bd3 Qe6 10. Nc3 Nf5 11. Qg4 d6 12. Bxf5 Qxf5 13. Qxf5 Bxf5 14. exd6 Bxd6 15. Re1+ Kd7 16. Re2 Rae8 17. Be3 b6 18.
Rd1 Kc8 19. h3 g5 20. Nb5 Be5 21. Nxa7+ Kb7 22. Nb5 Bxb2 23. c3 Bxc3 24. Nxc3 g4 25. hxg4 Bxg4 26. f3 Be6 27. Kf2 Bc4 28. Red2 h5 29. Ne4 Be6 30. Ng5 h4 31. Nxe6 Rxe6 32. Bf4 Rc6 33. Rd7 Rg8 34. R1d2 Rh8 35. Rxf7 h3 36. gxh3 Rxh3 37. Kg2 Rh5 38. Bg3 Rhc5 39. Re7 Rc2 40. Ree2 Rxd2 41. Rxd2 Rg6 42. Kf2 Rc6 43. f4 Rf6 44. Kf3 Rf5 45. Ke4 Rb5 46. f5 Rb4+ 47. Ke5 Rb5+ 48. Ke6 Rc5 49. f6 Rc4 50. f7 1-0

[Event "Live Chess"]
[Site "Chess.com"]
[Date "2023.05.21"]
[Round "-"]
[White "Tilbs_12"]
[Black "luckywookie"]
[Result "1-0"]
[WhiteElo "1543"]
[BlackElo "756"]
[TimeControl "300"]
[EndTime "18:24:45 PDT"]
[Termination "Tilbs_12 won by checkmate"]

1. e4 c6 2. d4 d5 3. exd5 c5 4. dxc5 Qa5+ 5. Nc3 Qxc5 6. Nf3 Nf6 7. Be2 e6 8. dxe6 Bxe6 9. O-O Nc6 10. Be3 Qe7 11. Qd3 Rd8 12. Qb5 g6 13. Rfd1 Rxd1+ 14. Rxd1 Bd7 15. Qxb7 Nd8 16. Qxa7 Bg7 17. Bb5 O-O 18.
Bxd7 Nxd7 19. Qxd7 Qxd7 20. Rxd7 Ne6 21. Rb7 g5 22. h3 f5 23. Bxg5 Nxg5 24. Nxg5 Bd4 25. Ne6 Re8 26. Nxd4 Re1+ 27. Kh2 f4 28. g3 fxg3+ 29.
Kxg3 Rd1 30. Nde2 Rd2 31. a4 Rxc2 32. a5 Rd2 33. a6 Rd8 34. a7 h5 35. h4 Kf8 36. Rb8 Rxb8 37. axb8=Q+ Ke7 38. Kf4 Kf6 39. Qb6+ Kg7 40. Kg5 Kf7 41. Kf5 Kg7 42. Qc7+ Kf8 43. Kf6 Kg8 44. Qg7# 1-0

[Event "Live Chess"]
[Site "Chess.com"]
[Date "2023.05.21"]
[Round "-"]
[White "ViktorTheCoolBoy"]
[Black "manthanit"]
[Result "1-0"]
[WhiteElo "2520"]
[BlackElo "1055"]
[TimeControl "300"]
[EndTime "18:25:22 PDT"]
[Termination "ViktorTheCoolBoy won by resignation"]

1. d4 e6 2. Nf3 d5 3. c4 dxc4 4. e4 c5 5. Bxc4 cxd4 6. Nxd4 Nc6 7. Be3 Nxd4 8. Bxd4 Bb4+ 9. Nc3 Bxc3+ 10. Bxc3 Nf6 11. Qf3 O-O 12. O-O b6 13. e5 Nd7 14. Qxa8 Qg5 15. f4 Qf5 16. Qf3 f6 17. Bd3 Nxe5 18. Bxe5 fxe5 19. Bxf5 Rxf5 20. Qc6 Ba6 21. Qxe6+ Kh8 1-0

[Event "Live Chess"]
[Site "Chess.com"]
[Date "2023.05.21"]
[Round "-"]
[White "ThatGuyNamedJeff"]
[Black "Olisingapore"]
[Result "0-1"]
[WhiteElo "1566"]
[BlackElo "1798"]
[TimeControl "300"]
[EndTime "18:25:47 PDT"]
[Termination "Olisingapore won on time"]

1. e4 e5 2. Nf3 Nc6 3. Bc4 Nf6 4. d3 Bc5 5. O-O O-O 6. c3 a6 7. Nbd2 Na5 8. b4 Nxc4 9. bxc5 Nxd2 10. Bxd2 d5 11.
Nxe5 dxe4 12. dxe4 Nxe4 13. Nc4 Nxc5 14. Qh5 Ne4 15.
Rad1 Nf6 16. Qf3 Bg4 17. Qg3 Bxd1 18. Rxd1 Ne4 19. Qg4 Nxd2 20. Rxd2 Qf6 21. Rd4 Rfe8 22. h3 b5 23. Ne3 c5 24. Rd5 Qxc3 25. Nf5 Re1+ 26.
Kh2 g6 27. Nh6+ Kg7 28. Nf5+ Kh8 29. Nh6 Rae8 30. Nxf7+ Kg7 31. Rd7 R8e7 0-1

[Event "Live Chess"]
[Site "Chess.com"]
[Date "2023.05.21"]
[Round "-"]
[White "GMHarry-youtube"]
[Black "jimwad"]
[Result "1-0"]
[WhiteElo "2057"]
[BlackElo "1247"]
[TimeControl "300"]
[EndTime "18:25:59 PDT"]
[Termination "GMHarry-youtube won by resignation"]

1. e4 e5 2. Nf3 Nc6 3. Bc4 Bc5 4.
c3 Nf6 5. O-O d6 6. d4 exd4 7.
cxd4 Bb6 8. e5 dxe5 9. Nxe5 Nxe5 10. dxe5 Qxd1 11. Rxd1 Ne4 12. Be3 Bxe3 13. fxe3 O-O 14.
Nd2 Nxd2 15. Rxd2 Re8 16. Rad1 g6 17. Rd8 Rxd8 18. Rxd8+ Kg7 19. e6 fxe6 20. Bxe6 1-0

[Event "Live Chess"]
[Site "Chess.com"]
[Date "2023.05.21"]
[Round "-"]
[White "Missedidea"]
[Black "chessfiction"]
[Result "0-1"]
[WhiteElo "1824"]
[BlackElo "2345"]
[TimeControl "300"]
[EndTime "18:26:10 PDT"]
[Termination "chessfiction won by resignation"]

1. d4 d5 2. c4 e5 3. dxe5 Nc6 4. cxd5 Nxe5 5. e4 Bc5 6. Nc3 Nf6 7. h3 O-O 8. Nf3 Qe7 9. Bd3 Re8 10. O-O Nxd3 11. Qxd3 Nxe4 12. Nxe4 Qxe4 13. Qxe4 Rxe4 14. Bd2 Bd7 15. Bc3 Rae8 16. Rfe1 Re2 17. Rxe2 Rxe2 18. Rf1 Bb5 19. Ne5 Rc2 20. Rd1 Rxf2 21. Bd4 Rf1+ 22. Rxf1 Bxd4+ 23. Kh1 Bxf1 24. Nf3 Bf6 0-1

[Event "Live Chess"]
[Site "Chess.com"]
[Date "2023.05.21"]
[Round "-"]
[White "LodeshChess"]
[Black "garyjc"]
[Result "0-1"]
[WhiteElo "1169"]
[BlackElo "1046"]
[TimeControl "300"]
[EndTime "18:26:21 PDT"]
[Termination "garyjc won by resignation"]

1. e4 c5 2. Nf3 d6 3. d4 cxd4 4. Qxd4 Nc6 5. Qe3 g6 6. Be2 Bg7 7. O-O Nf6 8. h3 O-O 9. Rd1 Nb4 10. Qf4 Nxc2 11. e5 Nxa1 12. exf6 Bxf6 13. Na3 Bf5 14. Nd4 e5 0-1

[Event "Live Chess"]
[Site "Chess.com"]
[Date "2023.05.21"]
[Round "-"]
[White "ChessClubLive"]
[Black "therealab0ne"]
[Result "1-0"]
[WhiteElo "1494"]
[BlackElo "716"]
[TimeControl "300"]
[EndTime "18:26:54 PDT"]
[Termination "ChessClubLive won by checkmate"]

1. e4 c5 2. d4 cxd4 3. c3 e5 4. cxd4 exd4 5. Nf3 Bb4+ 6. Bd2 Nc6 7. Bc4 Nf6 8. Qe2 O-O 9. O-O Re8 10. Bd3 d5 11. e5 Ng4 12. Bxb4 Nxb4 13. Bb5 Re6 14. a3 Nc6 15. Bxc6 bxc6 16. Nxd4 Rxe5 17. Qf3 Ba6 18. Qxg4 Bxf1 19. Kxf1 Qg5 20. Qxg5 Rxg5 21. Nxc6 Rc8 22. Nd4 Rc4 23. Nf3 Rg6 24. Nc3 f6 25. Nxd5 Rcg4 26. Ne7+ Kf7 27. Nxg6 Kxg6 28. Rc1 a5 29. Rc5 Ra4 30.
Nh4+ Kf7 31. Rc7+ Ke6 32. Nf3 Kd6 33. Rxg7 Kc5 34. Rxh7 Kc4 35. Rh4+ Kb3 36. Rxa4 Kxa4 37. Nd2 Kb5 38. Ke2 Kc5 39. Ke3 Kd5 40. Kf4 Kd4 41.
Nb3+ Kc4 42. Nxa5+ Kb5 43. b4 Ka4 44. Kf5 Kxa3 45.
Kxf6 Kxb4 46. h4 Kxa5 47. h5 Kb6 48. h6 Kc5 49. h7 Kd4 50. h8=Q Ke4 51. Qh5 Kd4 52.
Qe5+ Kd3 53. g4 Kd2 54. g5 Kd3 55. g6 Kc2 56. g7 Kb3 57. g8=Q+ Kb4 58. Qd8 Kc4 59.
Qec7+ Kb3 60. Qdb8+ Ka4 61. Qca7# 1-0

[Event "Live Chess"]
[Site "Chess.com"]
[Date "2023.05.21"]
[Round "-"]
[White "WelshTiger"]
[Black "Cimon"]
[Result "1-0"]
[WhiteElo "2363"]
[BlackElo "1852"]
[TimeControl "300"]
[EndTime "18:27:03 PDT"]
[Termination "WelshTiger won on time"]

1. e4 c5 2. Nf3 Nc6 3. Bb5 g6 4. O-O Bg7 5. c3 Nf6 6. Qa4 O-O 7. d4 cxd4 8. cxd4 a6 9. Nc3 Qb6 10. Be3 Qc7 11. d5 Ne5 12. Be2 d6 13. Rac1 Qd8 14.
Nxe5 dxe5 15. Qb3 b5 16. f3 Bd7 17. Rfd1 Nh5 18. g3 Rc8 19. a4 bxa4 20. Nxa4 Rxc1 21. Rxc1 Qe8 22. Nc5 Bb5 23. Bxb5 axb5 24. Nd3 Kh8 25.
Rc5 f5 26. Rxb5 fxe4 27. fxe4 Qf7 28. Qd1 Nf6 29. Nxe5 Qe8 30. Rb4 Nh5 31. Nf3 h6 32. Bd4 Qf7 33. Bxg7+ Nxg7 34. Kg2 g5 35. Qe2 g4 36.
Ne5 Qf6 37. Nxg4 Qd6 38. Rc4 h5 39. Rc6 Qb4 40. Ne5 1-0

[Event "Live Chess"]
[Site "Chess.com"]
[Date "2023.05.21"]
[Round "-"]
[White "Doge_Dandolo"]
[Black "Singapourfeuj"]
[Result "0-1"]
[WhiteElo "1920"]
[BlackElo "2163"]
[TimeControl "300"]
[EndTime "18:27:03 PDT"]
[Termination "Singapourfeuj won by resignation"]

1. Nf3 Nf6 2. c4 g6 3. Nc3 Bg7 4. e4 d6 5. d4 O-O 6. Be2 e5 7. dxe5 dxe5 8. Qxd8 Rxd8 9. Bg5 Nbd7 10.
Nd5 c6 11. Nxf6+ Bxf6 12. Be3 Re8 13. O-O-O Nf8 14. Kc2 Bg4 15. h3 Bxf3 16. Bxf3 Ne6 17. Bg4 Nd4+ 18. Bxd4 exd4 19. Rhe1 h5 20. Be2 c5 21.
Bd3 a6 22. f4 h4 23. e5 Bd8 24. Be4 Rb8 25. Bd5 Ba5 26. Rf1 Kg7 27. Rd3 b5 28. b3 bxc4 29. Bxc4 Bc3 30. g3 hxg3 31. Rxg3 a5 32. f5 Rxe5 33. fxg6 fxg6 34. Rf7+ Kh6 35. Rf6 Rg5 36. Rgf3 Rg2+ 37. Kd3 Re8 38. Bf7 Rd2+ 39. Kc4 Re5 40. Rg3 Rg5 41. Rgf3 Rc2 42. Kb5 d3 43.
Rxd3 Bxf6 0-1

[Event "Live Chess"]
[Site "Chess.com"]
[Date "2023.05.21"]
[Round "-"]
[White "worldchessleaguelive"]
[Black "blowerd"]
[Result "1/2-1/2"]
[WhiteElo "1386"]
[BlackElo "1360"]
[TimeControl "300"]
[EndTime "18:27:51 PDT"]
[Termination "Game drawn by repetition"]

1. d4 d5 2. Bf4 Nc6 3. Nf3 Nf6 4. e3 e6 5. Be2 Be7 6. O-O O-O 7. Nbd2 Bd6 8. Bxd6 Qxd6 9. h3 Ne4 10.
Nxe4 dxe4 11. Nd2 f5 12. Bc4 Rf6 13. Bb3 Rg6 14. Nc4 Qe7 15. Ne5 Nxe5 16. dxe5 Qg5 17. g3 Qh6 18. Kh2 c6 19. Qd6 Bd7 20. Qxd7 Rf8 21. Qxb7 f4 22. exf4 Qh5 23. Qxc6 Qf3 24. Bxe6+ Kh8 25. f5 Rh6 26. Qc3 Qg4 27. h4 e3 28. Qc5 Rxh4+ 29. gxh4 Qxh4+ 30. Kg2 Qg4+ 31. Kh2 Qh4+ 32. Kg1 Qg4+ 33. Kh1 Qh3+ 34. Kg1 Qg4+ 35. Kh2 Qh4+ 1/2-1/2

[Event "Live Chess"]
[Site "Chess.com"]
[Date "2023.05.21"]
[Round "-"]
[White "chessfiction"]
[Black "jimwad"]
[Result "1-0"]
[WhiteElo "2345"]
[BlackElo "1247"]
[TimeControl "300"]
[EndTime "18:27:54 PDT"]
[Termination "chessfiction won by checkmate"]

1. e4 e5 2. d4 exd4 3. c3 dxc3 4. Nxc3 Nc6 5. Bc4 Nf6 6. Qb3 Qe7 7. Nf3 g6 8. Bg5 Bg7 9. O-O-O O-O 10. Nd5 Qd6 11. Nxf6+ Qxf6 12. Bxf6 Bxf6 13. h4 Bg7 14. h5 gxh5 15.
Ng5 Ne5 16. Rxh5 Nxc4 17. Qxc4 c6 18. Rxh7 d5 19. exd5 cxd5 20. Qh4 f6 21. Rh8+ Bxh8 22. Qh7# 1-0

[Event "Live Chess"]
[Site "Chess.com"]
[Date "2023.05.21"]
[Round "-"]
[White "LanceMaster23"]
[Black "grillage"]
[Result "1-0"]
[WhiteElo "1942"]
[BlackElo "1798"]
[TimeControl "300"]
[EndTime "18:28:15 PDT"]
[Termination "LanceMaster23 won on time"]

1. Nf3 Nf6 2. d4 e6 3. Bf4 b6 4. e3 Bb7 5. Be2 Be7 6. Nbd2 Ne4 7. c3 d6 8. Qc2 f5 9. Nxe4 Bxe4 10. Qb3 Bd5 11.
Bc4 Bxc4 12. Qxc4 Qd7 13. O-O-O Nc6 14. d5 Na5 15. dxe6 Nxc4 16. exd7+ Kxd7 17. b3 Na5 18. Rd5 g6 19. Rhd1 Nb7 20. Ne5+ Ke6 21. Nc6 Bf6 22. c4 Nc5 23. f3 a5 24. Nd4+ Kf7 25. Nb5 Ne6 26. Bg3 c6 27. Nxd6+ Kg7 28. R5d2 Nc5 29. e4 fxe4 30. Nxe4 Nxe4 31. fxe4 Rhe8 32. Rd7+ Kh6 33. Re1 Rad8 34. Rxd8 Rxd8 35. e5 Bg5+ 36. Kc2 Kg7 37. Rd1 Rxd1 38. Kxd1 Kf7 39. Ke2 Ke6 40.
Kd3 Bd8 41. Ke4 Bc7 42. h4 h5 43. Bf4 Bb8 44. g3 Bc7 45. a3 Bb8 46. b4 axb4 47. axb4 Bc7 48. b5 cxb5 49. cxb5 Bb8 50. Kd4 Bc7 51. Ke4 Bb8 52. Be3 Bxe5 53. Bxb6 Bxg3 54. Bd8 Bf2 55. b6 Bg3 56. b7 Bb8 57. Bg5 Kd7 58. Bf4 Kc6 59. Bxb8 1-0

[Event "Live Chess"]
[Site "Chess.com"]
[Date "2023.05.21"]
[Round "-"]
[White "xx_blindpuffin_xx"]
[Black "nigelst"]
[Result "1-0"]
[WhiteElo "2206"]
[BlackElo "1766"]
[TimeControl "300"]
[EndTime "18:28:15 PDT"]
[Termination "xx_blindpuffin_xx won by resignation"]

1. d4 Nf6 2. Bf4 e6 3. e3 c5 4. Nf3 b6 5. h3 Bb7 6. Be2 Nd5 7. Bh2 cxd4 8. exd4 Be7 9. O-O O-O 10. c4 Nb4 11. a3 N4c6 12. d5 exd5 13. cxd5 Na5 14. b4 Bf6 15. Ra2 Nac6 16. dxc6 Bxc6 17. Nd4 Bd5 18. Rd2 Nc6 19. Nb5 Be6 20. Bd6 Re8 21. Nc7 Bh4 22. Nxe8 Qxe8 23. Bf3 Rc8 24. Re1 f6 25.
Bg3 Bxg3 26. fxg3 Qg6 27. Kh2 Ne5 28. Be4 Qh6 29. Bd5 Ng4+ 30. Qxg4 Kh8 31. Bxe6 1-0

[Event "Live Chess"]
[Site "Chess.com"]
[Date "2023.05.21"]
[Round "-"]
[White "Tushinskiy"]
[Black "wot-not"]
[Result "1-0"]
[WhiteElo "2177"]
[BlackElo "1541"]
[TimeControl "300"]
[EndTime "18:28:40 PDT"]
[Termination "Tushinskiy won by resignation"]

1. d4 Nf6 2. c3 g6 3. Bf4 c5 4. e3 cxd4 5. exd4 Bg7 6. Nf3 d6 7. Bd3 Bg4 8. Nbd2 Nbd7 9. O-O O-O 10. Qb1 Nd5 11. Bg3 h5 12. h3 Bxf3 13. Nxf3 N7f6 14.
Re1 e6 15. a3 Ne7 16. Qa2 Nf5 17. Bxf5 exf5 18. Rad1 Ne4 19. Bh2 Rc8 20. Nd2 d5 21. f3 Nxd2 22. Rxd2 Re8 23. Rde2 Rxe2 24. Rxe2 Qd7 25. Kf1 Kf8 26. Qb3 b6 27. Be5 f6 28.
Bh2 Re8 29. Qb4+ Kf7 30. Rxe8 Kxe8 31. Qb3 Bf8 32. Bg3 Kf7 33. Ke2 Qe6+ 34. Kd3 Bd6 35. Bf2 f4 36. Qa4 Qf5+ 37. Kd2 Bb8 38. Qc6 Ke7 39.
Qb7+ Ke6 40. Qxb8 Qb1 41. Qe8+ Kf5 42. Qa4 Qxb2+ 43. Qc2+ Qxc2+ 44. Kxc2 g5 45. Kb3 Ke6 46. Kb4 f5 47. Kb5 g4 48. Ka6 1-0

[Event "Live Chess"]
[Site "Chess.com"]
[Date "2023.05.21"]
[Round "-"]
[White "ClassyChameleon"]
[Black "romchyk1219"]
[Result "1/2-1/2"]
[WhiteElo "1092"]
[BlackElo "640"]
[TimeControl "300"]
[EndTime "18:28:42 PDT"]
[Termination "Game drawn by stalemate"]

1. e4 d6 2. d4 Nf6 3. Nc3 g6 4. Nf3 Bg7 5. Ng5 O-O 6. Bc4 Nc6 7. d5 Ne5 8. Bb3 Bg4 9. f3 Bd7 10. O-O h6 11. Nh3 Bxh3 12. gxh3 c6 13. f4 Ned7 14. f5 gxf5 15. exf5 Ne5 16. dxc6 Nxc6 17. Nd5 Nxd5 18. Bxd5 Qb6+ 19. Kh1 Bxb2 20. Bxb2 Qxb2 21.
Bxc6 bxc6 22. Qg4+ Kh7 23. Qe4 Rae8 24. f6+ Kg8 25.
Rg1+ Kh8 26. Qh4 Qxf6 27. Qa4 Rc8 28. Qxa7 Rg8 29. Qa6 Rxg1+ 30. Rxg1 Rg8 31. Qxc6 Rxg1+ 32. Kxg1 Qd4+ 33. Kh1 Qf2 34. Qc3+ Kh7 35. Qd3+ Kg7 36. Qg3+ Qxg3 37. hxg3 Kg6 38. Kg2 h5 39. a4 Kf6 40.
a5 Ke6 41. a6 Kd7 42. a7 Ke6 43. a8=Q Kf5 44. Qa5+ Kg6 45. h4 f5 46. c4 e5 47.
Qc7 f4 48. Qxd6+ Kf5 49. gxf4 exf4 50. Kf3 1/2-1/2

[Event "Live Chess"]
[Site "Chess.com"]
[Date "2023.05.21"]
[Round "-"]
[White "calcina"]
[Black "domrobson"]
[Result "1-0"]
[WhiteElo "1570"]
[BlackElo "1747"]
[TimeControl "300"]
[EndTime "18:28:54 PDT"]
[Termination "calcina won by resignation"]

1. e4 e5 2. Nf3 Nc6 3. Bc4 Nf6 4. O-O Bc5 5. d4 Bxd4 6. Nxd4 Nxd4 7. Bg5 h6 8. Bh4 d6 9. f4 c6 10. fxe5 dxe5 11.
c3 Ne6 12. Bxf6 gxf6 13. Qf3 Nf4 14. g3 Rg8 15. Kh1 Bh3 16. Rf2 Qb6 17. gxf4 O-O-O 1-0

[Event "Live Chess"]
[Site "Chess.com"]
[Date "2023.05.21"]
[Round "-"]
[White "ShanthamGrarks"]
[Black "whatnot126"]
[Result "0-1"]
[WhiteElo "1986"]
[BlackElo "2058"]
[TimeControl "300"]
[EndTime "18:29:10 PDT"]
[Termination "whatnot126 won by resignation"]

1. d4 d6 2. Nc3 Nf6 3. e4 g6 4. Bg5 Bg7 5. Be2 O-O 6. h4 c5 7. d5 Qa5 8. Bf3 e6 9. Ne2 exd5 10.
exd5 Re8 11. O-O h6 12. Bd2 Nbd7 13. Ne4 Qc7 14. N4g3 Ne5 15. Nf4 Nxf3+ 16. Qxf3 Bg4 17. Qd3 c4 18. Qa3 g5 19. hxg5 hxg5 20. Nh3 Nxd5 21.
Nxg5 Nf6 22. Bf4 Qb6 23. Bxd6 Rad8 24. Bc5 Qc6 25. Rfe1 b6 26. Be3 Nd5 27. N5e4 Qg6 28. f3 Bc8 29. Qxa7 f5 30. Bg5 fxe4 31. Bxd8 Bd4+ 32.
Kh2 Bf2 33. Rxe4 Qxg3+ 34. Kh1 Rxe4 35. fxe4 Bh3 36. Rg1 Bxg1 37. Qg7+ Kxg7 38. Bf6+ Kxf6 39. e5+ Kxe5 0-1

[Event "Live Chess"]
[Site "Chess.com"]
[Date "2023.05.21"]
[Round "-"]
[White "LodeshChess"]
[Black "Missedidea"]
[Result "0-1"]
[WhiteElo "1168"]
[BlackElo "1825"]
[TimeControl "300"]
[EndTime "18:29:11 PDT"]
[Termination "Missedidea won by checkmate"]

1. e4 c5 2. Nf3 d6 3. d4 cxd4 4. Qxd4 Nc6 5. Qe3 Nf6 6. Be2 g6 7.
O-O Bg7 8. Rd1 Qc7 9. c4 O-O 10. Nc3 e6 11. b3 Ng4 12. Qd2 d5 13. Ba3 Rd8 14. exd5 Nd4 15. Nxd4 Qxh2+ 16. Kf1 Qh1# 0-1

[Event "Live Chess"]
[Site "Chess.com"]
[Date "2023.05.21"]
[Round "-"]
[White "Delacorta"]
[Black "Olisingapore"]
[Result "0-1"]
[WhiteElo "1425"]
[BlackElo "1800"]
[TimeControl "300"]
[EndTime "18:30:01 PDT"]
[Termination "Olisingapore won by resignation"]

1. d4 Nf6 2. Nf3 d5 3. e3 c5 4. Bd3 Nc6 5. b3 e6 6. Bb2 Be7 7. O-O O-O 8. Nbd2 cxd4 9. exd4 Qc7 10. Ne5 Nxe5 11. dxe5 Nd7 12. f4 Bc5+ 13. Kh1 Qd8 14. Rf3 Qh4 15. Rh3 Qxf4 16. Bxh7+ Kh8 17. Qh5 Qh6 18.
Qxh6 gxh6 19. Bd3 Kg7 20. Rf1 Be7 21. Rg3+ Kh8 22. Nf3 Nc5 23. Nd4 Ne4 24. Bxe4 dxe4 25. Nf5 exf5 26. e6+ f6 27. Rxf5 Bxe6 28. Rh5 Kh7 29. Rg6 Kxg6 30. Bc1 Kxh5 0-1

[Event "Live Chess"]
[Site "Chess.com"]
[Date "2023.05.21"]
[Round "-"]
[White "NateSolon"]
[Black "Hussamalhaidar"]
[Result "1-0"]
[WhiteElo "2662"]
[BlackElo "1107"]
[TimeControl "300"]
[EndTime "18:30:27 PDT"]
[Termination "NateSolon won on time"]

1. d4 e5 2. dxe5 d6 3. Nf3 Nc6 4. Bg5 f6 5. exf6 gxf6 6. Bh4 Bg7 7. Nc3 Nge7 8. e3 Bg4 9. Be2 Qd7 10. Nd4 Bxe2 11. Qxe2 Nxd4 12. exd4 O-O-O 13. O-O-O Kb8 14. Rhe1 Nc6 15. Nd5 Rde8 16. Qd3 Rxe1 17. Rxe1 Re8 18. Rxe8+ Qxe8 19. Ne3 Qh5 20. Bg3 f5 21. Nxf5 Bh6+ 22. Kb1 Nb4 23. Qf3 Qxf3 24. gxf3 Bf8 25. a3 Nc6 26. c4 b6 27. Kc2 a5 28. d5 Ne5 29.
Bxe5 dxe5 30. a4 Kb7 31. Kd3 c6 32. Ke4 cxd5+ 33. cxd5 Bc5 34. Kxe5 Bxf2 35. Ke6 Kc7 36. d6+ Kd8 37. Ne7 Ke8 38. d7+ Kd8 39. Nc6+ Kc7 40.
d8=Q+ Kxc6 41. Qd5+ Kc7 42. Qd7+ 1-0

[Event "Live Chess"]
[Site "Chess.com"]
[Date "2023.05.21"]
[Round "-"]
[White "manthanit"]
[Black "luckywookie"]
[Result "1-0"]
[WhiteElo "1057"]
[BlackElo "754"]
[TimeControl "300"]
[EndTime "18:30:30 PDT"]
[Termination "manthanit won by resignation"]

1. e4 c6 2. d4 d5 3. exd5 cxd5 4. Nc3 Nc6 5. Nf3 e6 6. h3 Bd6 7. a3 Nge7 8. Bd3 Nf5 9. O-O Nfxd4 10. Nxd4 Nxd4 11.
Nb5 Nxb5 12. Bxb5+ Bd7 13. Bd3 O-O 14. Qh5 g6 15.
Qh6 Be5 16. Bg5 Qe8 17. c3 Bg7 18. Qh4 e5 19. Bh6 Bxh6 20. Qxh6 e4 21. Bc2 Qe5 22. Rad1 Rad8 23. Bb3 Be6 24. Rfe1 f5 25. h4 Rf6 26.
h5 g5 27. Qxg5+ Kf7 28. h6 Rg6 29. Qxd8 f4 30. Bxd5 Rxg2+ 31. Kxg2 Qg5+ 32. Kf1 f3 33. Qxg5 Bxd5 34. Qxd5+ 1-0

[Event "Live Chess"]
[Site "Chess.com"]
[Date "2023.05.21"]
[Round "-"]
[White "Long1968"]
[Black "KeithArkell"]
[Result "0-1"]
[WhiteElo "1059"]
[BlackElo "2573"]
[TimeControl "300"]
[EndTime "18:30:37 PDT"]
[Termination "KeithArkell won on time"]

1. e4 c6 2. d4 d5 3. e5 c5 4. c3 Nc6 5. f4 cxd4 6. cxd4 Bf5 7. Nf3 e6 8. Bd3 Bxd3 9. Qxd3 Nge7 10. Be3 Nf5 11.
Kf2 Qb6 12. Nbd2 h5 13. a4 Bb4 14. Nb3 a5 15. Qb5 Qxb5 16. axb5 Nb8 17. Rhc1 Nd7 18. Rc7 b6 19. Rac1 Ke7 20. Ng5 f6 21. Nf3 a4 22.
Nbd2 Nxe3 23. Kxe3 a3 24. bxa3 Rxa3+ 0-1

[Event "Live Chess"]
[Site "Chess.com"]
[Date "2023.05.21"]
[Round "-"]
[White "jimwad"]
[Black "worldchessleaguelive"]
[Result "0-1"]
[WhiteElo "1242"]
[BlackElo "1397"]
[TimeControl "300"]
[EndTime "18:30:41 PDT"]
[Termination "worldchessleaguelive won by resignation"]

1. d4 d5 2. c4 dxc4 3. e3 Nf6 4. Bxc4 e6 5. Nc3 Bb4 6. Bd2 Nc6 7. Nf3 O-O 8. O-O h6 9. h3 a6 10. a3 Bxc3 11. Bxc3 b5 12. Bd3 Bb7 13. Rc1 Nd5 14. e4 Nxc3 15. bxc3 Na5 16. d5 exd5 17. exd5 Bxd5 18.
Ne5 Qg5 19. Ng4 Be6 20. f4 Qc5+ 21. Nf2 Rad8 22. Qe1 Rxd3 0-1

[Event "Live Chess"]
[Site "Chess.com"]
[Date "2023.05.21"]
[Round "-"]
[White "Conradical12"]
[Black "laminaaprod"]
[Result "0-1"]
[WhiteElo "1651"]
[BlackElo "2264"]
[TimeControl "300"]
[EndTime "18:31:01 PDT"]
[Termination "laminaaprod won by checkmate"]

1. e4 e5 2. Nf3 d5 3. Nxe5 dxe4 4. Qe2 Nf6 5. d3 Bd6 6. Nc4 O-O 7. Nc3 Bf5 8. Be3 exd3 9. cxd3 Re8 10. O-O-O a6 11.
f3 b5 12. Nxd6 Qxd6 13. Qd2 c5 14. Kb1 Nc6 15. h4 c4 16. g4 Bxd3+ 17. Bxd3 Qxd3+ 18. Qxd3 cxd3 19. Rxd3 Nb4 20. Rd4 Rxe3 21. Rhd1 Nc6 22. Rd6 Na5 23. Ne4 h6 24. Nxf6+ gxf6 25. Rxf6 Re6 26.
Rxe6 fxe6 27. Re1 Kf7 28. f4 Rg8 29. g5 hxg5 30. hxg5 Nc4 31. Kc2 Rh8 32. b3 Rh2+ 33. Kc3 Nb6 34. a3 Nd5+ 35. Kd4 Rf2 36. g6+ Kf6 37. g7 Rxf4+ 38. Kc5 Rg4 39. Rf1+ Ke7 40. Rd1 Rxg7 41. Rxd5 exd5 42. Kxd5 Rg3 43. a4 Rxb3 44. axb5 Rxb5+ 45. Kc4 Kd7 46. Kc3 Kc6 47. Kc4 a5 48. Kc3 a4 49. Kc2 a3 50. Kc1 a2 51. Kd2 a1=Q 52.
Kc2 Qa4+ 53. Kc3 Rb3+ 54. Kc2 Qa2+ 55. Kd1 Rb1# 0-1

[Event "Live Chess"]
[Site "Chess.com"]
[Date "2023.05.21"]
[Round "-"]
[White "CheckThis4"]
[Black "gmnorfolk"]
[Result "1-0"]
[WhiteElo "2516"]
[BlackElo "2108"]
[TimeControl "300"]
[EndTime "18:31:09 PDT"]
[Termination "CheckThis4 won on time"]

1. d4 Nf6 2. Nc3 d5 3. e4 dxe4 4. f3 e3 5. Bxe3 e6 6. Bd3 Be7 7. Nge2 Nbd7 8. Qd2 c5 9. O-O-O a6 10. g4 Nd5 11.
Nxd5 exd5 12. dxc5 Nxc5 13. Bxc5 Bxc5 14. Nf4 O-O 15.
Nxd5 Be6 16. Be4 Bxd5 17. Qxd5 Qc7 18. Kb1 Rab8 19. h4 Rfd8 20. Qb3 Rxd1+ 21. Rxd1 Rd8 22. Rxd8+ Qxd8 23. a3 b6 24. h5 h6 25. Qc4 a5 26.
Bd5 Qe7 27. Qd3 Qe1+ 28. Ka2 Qe3 29. Qf5 Qe7 30. c4 Kf8 31. Qh7 Qf6 32. Qh8+ Ke7 33.
Qc8 Qd6 34. Qb7+ Qd7 35. Qxd7+ Kxd7 36. Bxf7 Ke7 37. Bd5 Kd6 38. Kb3 Be3 39. Ka4 Kc5 40. b4+ axb4 41. axb4+ Kd6 42. Kb5 Bf2 43. Be4 Be3 44.
f4 Bf2 45. Bg2 Be3 46. g5 Kc7 47. gxh6 gxh6 48. f5 Bd4 49. c5 bxc5 50. bxc5 Bf6 51. Kc4 Bg5 52. Kd5 Kd7 53. c6+ Ke7 54. Ke5 Bh4 55.
Kf4 Kd6 56. Be4 Bf6 57. Ke3 Kc7 58. Kd3 Kd6 59. Kc4 Bd8 60. Kb5 Ke5 61. Bc2 Kd6 62.
Ba4 Bc7 63. Ka6 Bd8 64. Kb7 Ba5 65. Bc2 Bc7 66. Bb3 Ba5 67. f6 Bd8 68. f7 Ke7 69. c7 Bxc7 70. Kxc7 1-0

[Event "Live Chess"]
[Site "Chess.com"]
[Date "2023.05.21"]
[Round "-"]
[White "Duke_of_Bebington"]
[Black "therealab0ne"]
[Result "1-0"]
[WhiteElo "1581"]
[BlackElo "716"]
[TimeControl "300"]
[EndTime "18:31:10 PDT"]
[Termination "Duke_of_Bebington won by resignation"]

1. e4 c5 2. c3 e5 3. Bc4 Nf6 4. d3 b6 5. Nf3 d6 6. Bg5 Bb7 7. O-O Qc7 8. Re1 Nbd7 9. Nbd2 Bc6 10. Qb3 Qb7 11. Bxf7+ Kd8 12. Be6 Kc7 13. h3 d5 14.
exd5 Bxd5 15. Bxd5 Nxd5 16. Nxe5 Re8 17. Nf7 Rxe1+ 18.
Rxe1 Be7 19. Bxe7 Re8 20. Bd6+ 1-0

[Event "Live Chess"]
[Site "Chess.com"]
[Date "2023.05.21"]
[Round "-"]
[White "smoggyrabbit"]
[Black "LiamBellwood"]
[Result "1-0"]
[WhiteElo "1757"]
[BlackElo "2045"]
[TimeControl "300"]
[EndTime "18:31:15 PDT"]
[Termination "smoggyrabbit won on time"]

1. d4 e6 2. Nf3 f5 3. e3 Nf6 4. Be2 b6 5. O-O Bb7 6. b3 Be7 7. Bb2 O-O 8. c4 Ne4 9. Nbd2 Bf6 10. Qc2 a5 11. Rac1 Qe8 12. d5 exd5 13. cxd5 Bxd5 14. Bxf6 Rxf6 15. Qxc7 Rg6 16. Qc8 Nc6 17. Qxe8+ Rxe8 18. Nc4 b5 19. Nb6 Bf7 20. Nxd7 Re7 21. Rfd1 Be8 22.
Nc5 Ne5 23. Nxe5 Rxe5 24. Nxe4 fxe4 25. Rc8 Rge6 26. Rdd8 Kf7 27. Rc7+ Re7 28. Rxe7+ Kxe7 29. Rb8 b4 30. Rb7+ Kf6 31. Bc4 Rc5 32. Rb6+ Ke7 33. Re6+ Kd7 34. Rxe4 Bf7 35. Rd4+ Ke7 36. h3 Bxc4 37.
Rxc4 Rd5 38. Rd4 Rxd4 39. exd4 Kd6 40. f3 1-0

[Event "Live Chess"]
[Site "Chess.com"]
[Date "2023.05.21"]
[Round "-"]
[White "WelshTiger"]
[Black "chessfiction"]
[Result "0-1"]
[WhiteElo "2355"]
[BlackElo "2353"]
[TimeControl "300"]
[EndTime "18:31:27 PDT"]
[Termination "chessfiction won by resignation"]

1. e4 d5 2. exd5 c6 3. dxc6 Nxc6 4. Nf3 e5 5. d3 Bc5 6. Nc3 Bg4 7. Ne4 Bb6 8. h3 Bh5 9. Ng3 Bg6 10. Be2 Nf6 11. Be3 Nd4 12. Bxd4 exd4 13. Ne5 Ba5+ 14. Kf1 O-O 15.
h4 Qd5 16. Nc4 h5 17. Bf3 Qc5 18. a3 Bc7 19. Ne2 Rfe8 20. g3 Qf5 21. Kg2 Ng4 22. Qd2 b5 23. Na5 Bxa5 24. Qxa5 Rxe2 25. Rhf1 Ne3+ 26.
Kg1 Qxf3 0-1